 Dungeon Crawl Stone Soup version 0.31.0 (webtiles) character file.

Game seed: 7495323308020887796

386 Arctor the Shooter (level 7, 0/34 (41) HPs)
             Began as a Kobold Hexslinger on Jan 19, 2024.
             Was a Plaything of Xom.
             Succumbed to Crazy Yiuf's poison
             ... on level 3 of the Dungeon.
             The game lasted 00:03:37 (2916 turns).

Arctor the Shooter (Kobold Hexslinger)              Turns: 2916, Time: 00:03:38

HP:   0/34 (41)     AC:  3    Str:  6    XL:     7   Next: 6%
MP:   10/11         EV: 16    Int: 14    God:    Xom [.....*]
Gold: 37            SH:  0    Dex: 19    Spells: 9/11 levels left

rFire   . . .        a - +1 sling
rCold   . . .        (no shield)
rNeg    . . .        c - +0 robe
rPois   .            (no helmet)
rElec   .            (no cloak)
rCorr   .            (no gloves)
SInv    +            e - +0 pair of boots
Will    .....        s - amulet of the acrobat
Stlth   +++          m - ring of see invisible
HPRegen 0.25/turn    (no ring)
MPRegen 0.12/turn

%: acrobat
@: lethally poisoned (0 -> -14), weak-willed, enlightened, jinxed, flying,
heavily drained
A: small, no large weapons, nightstalker 3, mutation resistance 1
a: Renounce Religion


You were on level 3 of the Dungeon.
You worshipped Xom.
You were Xom's teddy bear.
You visited 1 branch of the dungeon, and saw 3 of its levels.

You collected 37 gold pieces.

Inventory:

Hand Weapons
 a - a +1 sling (weapon)
Armour
 c - a +0 robe (worn)
 e - a +0 pair of boots (worn)
Magical Staves
 j - a staff of fire
Jewellery
 m - a ring of see invisible (left hand)
 s - an amulet of the acrobat (around neck)
Scrolls
 b - a scroll of poison
 d - a scroll of fear
 h - a scroll of enchant weapon
 l - a scroll of teleportation
 n - a scroll of blinking
 p - a scroll of revelation
Potions
 i - a potion of attraction {unknown}
 k - 2 potions of haste {unknown}
 o - a potion of resistance {unknown}
 r - a potion of degeneration {unknown}


   Skills:
 + Level 3.0 Fighting
 + Level 4.5 Ranged Weapons
 + Level 4.0 Dodging
 + Level 2.8 Spellcasting
 + Level 4.0 Hexes
 + Level 2.6 Fire Magic


You had 9 spell levels left.
You knew the following spells:

 Your Spells              Type           Power      Damage    Failure   Level
a - Jinxbite              Hex            26%        N/A       6%          2

Your spell library contained the following spells:

 Spells                   Type           Power      Damage    Failure   Level
 Scorch                   Fire           18%        2d5       11%         2
 Sigil of Binding         Hex            13%        N/A       12%         3
 Inner Flame              Hex/Fire       11%        N/A       17%         3
 Summon Small Mammal      Summ           8%         N/A       22%         1
 Dazzling Flash           Conj/Hex       14%        N/A       28%         3
 Blink                    Tloc           4%         N/A       32%         2
 Lesser Beckoning         Tloc           4%         N/A       32%         2
 Momentum Strike          Conj/Tloc      4%         3d8       32%         2
 Volatile Blastmotes      Fire/Tloc      10%        2d10      36%         3
 Cause Fear               Hex            6%         N/A       38%         4
 Call Canine Familiar     Summ           2%         N/A       54%         3
 Dimensional Bullseye     Hex/Tloc       3%         N/A       67%         4
 Flame Wave               Conj/Fire      5%         2d5       77%         4
 Summon Blazeheart Golem  Fire/Summ      5%         N/A       77%         4
 Starburst                Conj/Fire      2%         6d3       100%        6
 Summon Cactus Giant      Summ           1%         N/A       100%        6
 Maxwell's Capacitive Co  Air            1%         ∞         100%        8


Dungeon Overview and Level Annotations

Branches:
Dungeon (3/15)

Altars:
Hepliaklqana
Xom

Shops:
D:3 =(:**

Annotations:
D:3 Crazy Yiuf


Innate Abilities, Weirdness & Mutations

You are small and have problems with some larger weapons.
You are completely attuned to the shadows.
You are somewhat resistant to further mutation.


Message History

Could not explore, unopened runed door.
You open the door.
Casting: Jinxbite (safe; 10% risk of failure)
Confirm with . or Enter, or press ? or * to list all spells.
You beckon some vexing sprites to accompany your attacks.
You feel your willpower being sapped.
There is an open translucent door here.
You shoot a sling bullet.
The sling bullet closely misses Crazy Yiuf.
Crazy Yiuf hits you with a +3 quarterstaff of chaos!
You feel drained.
You shoot a sling bullet. The sling bullet hits Crazy Yiuf.
Crazy Yiuf is lightly wounded.
A giggling sprite leaps out and bonks Crazy Yiuf with its +3 quarterstaff of chaos.
Crazy Yiuf is moderately wounded.
Crazy Yiuf says, "The present is the child, and the necessary child, of all the past, and the mother of all the future."
Crazy Yiuf hits you with a +3 quarterstaff of chaos!
A shower of butterflies erupts from you!
Crazy Yiuf draws strength from your wounds!
You shoot a sling bullet.
The sling bullet barely misses Crazy Yiuf.
A giggling sprite leaps out and smacks Crazy Yiuf with his own hand.
Crazy Yiuf is moderately wounded.
Crazy Yiuf hits you with a +3 quarterstaff of chaos.
You feel drained.
* * * LOW HITPOINT WARNING * * *
Crazy Yiuf laughs, "Orb senile seventy!"
Crazy Yiuf misses you.
It was a potion of mutation.
You feel extremely strange.
You regain control of your magic.
You feel genetically stable.
Xom roars with laughter!
Crazy Yiuf says, "The real reality is there, but everything you know about it is in your mind and yours to do with as you like."
Crazy Yiuf hits you with a +3 quarterstaff of chaos!
* * * LOW HITPOINT WARNING * * *
You are lethally poisoned!
It was a potion of enlightenment.
You feel very buoyant.
You fly up into the air.
You die...
Xom is highly amused! #......#........... #.................. ########........).) #..........) ##### #..........# #..)# #..........# #bbb#

##########.#
#.gb# #..
#@#
############
##b#
#...........
#.##
#.##########
##.#
#...........
#.##
#..#########
##.## #..#
#...# #..#
#...## #..#
#....# #..#


You could see Crazy Yiuf (very drained, ally target).

Vanquished Creatures
  Sigmund (D:3)
  Jessica (D:2)
  Natasha (thrice) (D:3)
  4 adders
  A gnoll (D:1)
  A dart slug (D:2)
  A ribbon worm (D:3)
  5 orcs (D:3)
  4 bats
  8 endoplasms
  A giant cockroach (D:3)
  A goblin (D:2)
  8 hobgoblins
  3 jackals (D:3)
  5 quokkas
  7 ball pythons
  4 frilled lizards
  5 kobolds
  10 rats
73 creatures vanquished.

Notes
Turn   | Place    | Note
-------+----------+-------------------------------------------
     0 | D:1      | Arctor the Kobold Hexslinger began the quest for the Orb.
     0 | D:1      | Reached XP level 1. HP: 12/12 MP: 2/2
    10 | D:1      | Reached XP level 2. HP: 6/16 MP: 4/4
   121 | D:1      | Found a faded altar of an unknown god.
   140 | D:1      | Prayed at the altar of an unknown god.
   140 | D:1      | Became a worshipper of Xom of Chaos
   244 | D:1      | Reached XP level 3. HP: 20/20 MP: 5/5
   287 | D:1      | XOM: divination: detect items
   593 | D:1      | XOM: divination: detect items
   951 | D:2      | XOM: silly message
   978 | D:2      | Reached XP level 4. HP: 19/26 MP: 6/6
  1110 | D:2      | Noticed Jessica
  1111 | D:2      | XOM: smoke on damage
  1114 | D:2      | Killed Jessica
  1366 | D:2      | Learned a level 2 spell: Jinxbite
  1418 | D:2      | XOM: 3-stop teleportation journey
  1729 | D:3      | Found Maifutem's Assorted Antiques.
  1757 | D:3      | Found Tuix Def's Book Boutique.
  1814 | D:3      | Noticed Sigmund
  1826 | D:3      | XOM: fog
  1832 | D:3      | Killed Sigmund
  1833 | D:3      | Reached XP level 5. HP: 32/32 MP: 5/8
  1833 | D:3      | Reached XP level 6. HP: 36/36 MP: 5/9
  1892 | D:3      | Noticed Natasha
  1892 | D:3      | XOM: enchant monster (good)
  1898 | D:3      | Killed Natasha
  1971 | D:3      | Found a hazy altar of Hepliaklqana.
  1981 | D:3      | Noticed Natasha
  1991 | D:3      | XOM: 3-stop teleportation journey
  2060 | D:3      | Killed Natasha
  2193 | D:3      | XOM: draining
  2199 | D:3      | Found Ohinoy's General Store.
  2308 | D:3      | Found a runed translucent door.
  2311 | D:3      | Noticed Crazy Yiuf
  2407 | D:3      | Noticed Natasha
  2415 | D:3      | Killed Natasha
  2416 | D:3      | Reached XP level 7. HP: 31/37 MP: 11/11
  2425 | D:3      | XOM: give mutation
  2425 | D:3      | Gained mutation: Your spells are a little harder to cast,
                  | but a little more powerful. [Xom's grace]
  2440 | D:3      | Found Iriypul's Antique Weapon Boutique.
  2495 | D:3      | XOM: cloud trail
  2564 | D:3      | Found Mayttiol's Jewellery Shop.
  2780 | D:3      | XOM is BORED!
  2780 | D:3      | XOM: noise
  2913 | D:3      | XOM: butterfly on damage
  2915 | D:3      | Lost mutation: Your spells are a little harder to cast, but
                  | a little more powerful. [potion of mutation]
  2915 | D:3      | Gained mutation: You are somewhat resistant to further
                  | mutation. [potion of mutation]
  2916 | D:3      | Succumbed to Crazy Yiuf's poison

Illustrated notes

Levels and vault maps discovered:
D:1:      dpeg_arrival_pond, layout_rooms, nicolae_ecumenical_snake_handling,
          corexii_hall_statues_t, corexii_leaking_fountain, nrook_mini_backslash
D:2:      layout_basic, uniq_jessica
D:3:      layout_basic, nzn_hepliaklqana_mist_gate, serial_shops,
          nicolae_shop_competitors_out_of_business, nicolae_shop_hallway_plus,
          shop, nicolae_shop_trees, shop, hangedman_decor_push,
          chequers_serial_rivers_micro_b, uniq_crazy_yiuf_cottage, uniq_natasha,
          uniq_grinder, uniq_sigmund

Skill      XL: |  1  2  3  4  5  6 |
---------------+-------------------+-----
Ranged Weapons | 3 4 |  4.5
Dodging        | 3 4 |  4.0
Fighting       | 2 3 |  3.0
Spellcasting   | 2 |  2.8
Fire Magic     | 2 |  2.6
Hexes          | 4 |  4.0

Action                     |  1- 3 |  4- 6 |  7- 9 || total
---------------------------+-------+-------+-------++-------
   Fire: Sling             |    75 |   133 |    22 ||   230
   Cast: Jinxbite          |       |     3 |     1 ||     4
    Use: Scroll            |       |     5 |     1 ||     6
         Potion            |       |       |     2 ||     2
 Armour: Robe              |     8 |    27 |     8 ||    43
  Dodge: Dodged            |    21 |    54 |     6 ||    81
